 Dungeon Crawl Stone Soup version 0.25-a0-578-gc91f01c39c (console) character file.

Game seed: 3899000739967769714, levelgen mode: deterministic

5208 Kagalorn the Cleaver (level 10, -10/90 HPs)
             Began as a Minotaur Wanderer on Mar 3, 2020.
             Was an Initiate of Gozag.
             Mangled by an eight-headed hydra (11 damage)
             ... on level 1 of the Lair of Beasts.
             The game lasted 00:21:34 (8068 turns).

Kagalorn the Cleaver (Minotaur Wanderer)            Turns: 8068, Time: 00:21:34

Health: -10/90     AC: 12    Str: 25    XL:     10   Next: 35%
Magic:  0/9        EV:  5    Int:  7    God:    Gozag
Gold:   1378       SH: 11    Dex: 10    Spells: 9/9 levels left

rFire    . . .     SeeInvis .   b - +9 rapier "Vaxukh Mayh" {venom, Str+6}
rCold    . . .     Gourm    .   h - +0 kite shield
rNeg     + . .     Faith    .   z - +0 plate armour {rN+}
rPois    +         Spirit   +   (helmet restricted)
rElec    .         Reflect  .   (no cloak)
rCorr    .         Harm     .   F - +0 pair of gloves
MR       .....                  (no boots)
Stlth    ..........             k - amulet of guardian spirit
HPRegen  0.25/turn              u - ring of poison resistance
MPRegen  0.11/turn              x - -3 ring of intelligence (curse)

@: no status effects
A: retaliatory headbutt, horns 2
a: Potion Petition, Call Merchant, Bribe Branch, Renounce Religion


You were on level 1 of the Lair of Beasts.
You worshipped Gozag.
Gozag was most pleased with you.
You were not hungry.

You visited 3 branches of the dungeon, and saw 12 of its levels.

You collected 1414 gold pieces.
You paid 36 gold pieces to Gozag.

Inventory:

Hand Weapons
 a - a +2 vampiric war axe
 b - the +9 rapier "Vaxukh Mayh" (weapon) {venom, Str+6}
   (You found it on level 5 of the Dungeon)

   It poisons the flesh of those it strikes.
   It affects your strength (+6).
 w - a +2 shortbow of flaming
Missiles
 f - 225 stones
 m - 31 poisoned darts (quivered)
 q - 148 arrows
 t - 44 sling bullets
 B - 90 bolts
Armour
 h - a +0 kite shield (worn)
 z - a +0 plate armour of positive energy (worn)
 F - a +0 pair of gloves (worn)
Jewellery
 k - an amulet of guardian spirit (around neck)
 u - a ring of poison resistance (left hand)
 x - a cursed -3 ring of intelligence (right hand)
 I - an uncursed ring of fire
Wands
 v - a wand of scattershot (6)
 E - a wand of flame (26)
Scrolls
 c - 10 scrolls of teleportation
 e - a scroll of enchant weapon
 i - 2 scrolls of enchant armour
 l - a scroll of blinking
 s - 2 scrolls of remove curse
 y - 3 scrolls of fear
 A - a scroll of silence {unknown}
 G - a scroll of torment {unknown}
 H - a scroll of fog
Potions
 g - 3 potions of curing
 j - 2 potions of magic {unknown}
 n - 3 potions of mutation {unknown}
 o - a potion of ambrosia {unknown}
 p - 2 potions of stabbing {unknown}
 r - a potion of flight
 C - 2 potions of brilliance
 D - 2 potions of heal wounds
Comestibles
 d - 12 rations


   Skills:
 * Level 8.4 Fighting
 * Level 14.4 Axes
 - Level 3.6 Armour
 * Level 7.8 Shields


You had 9 spell levels left.
You didn't know any spells.
Your spell library was empty.

Dungeon Overview and Level Annotations

Branches:
Dungeon (10/15)            Temple (1/1) D:5            Lair (1/6) D:9
    Orc: D:9-12

Altars:
Ashenzari
Cheibriados
Dithmenos
Elyvilon
Fedhas
Gozag
Hepliaklqana
Kikubaaqudgha
Makhleb
Nemelex Xobeh
Okawaru
Qazlal
Ru
Sif Muna
Trog
Uskayaw
Vehumet
Wu Jian
Xom
Yredelemnul
Zin
The Shining One

Annotations:
D:3 1 runed translucent door, Crazy Yiuf
D:7 1 exclusion
D:10 Erolcha


Innate Abilities, Weirdness & Mutations

You reflexively headbutt those who attack you in melee.
You have a pair of horns on your head.


Message History

You block the eight-headed hydra's attack.
The eight-headed hydra bites you. x2
* * * LOW HITPOINT WARNING * * *
The eight-headed hydra bites you.
* * * LOW HITPOINT WARNING * * *
The eight-headed hydra bites you!
* * * LOW HITPOINT WARNING * * *
Unknown command.
The eight-headed hydra looks more healthy.
There is an open door, spattered with blood here.
The eight-headed hydra bites you.
* * * LOW HITPOINT WARNING * * *
The eight-headed hydra bites you!
* * * LOW HITPOINT WARNING * * *
The eight-headed hydra bites you.
* * * LOW HITPOINT WARNING * * *
You block the eight-headed hydra's attack.
The eight-headed hydra bites you!
You die...
Your body crumbles into a pile of gold.

#...........# #...
#...........###...
#............####.
##...........## ##
#.##.+##..P### #
####..###### #
##..##.#### ##
#.........# ###.
#@........## ##.##
#.D........# #....
#.........####....
#............'..(.
#.........#..#....
#...........##....
##......^..####....
#P.........# #....
############ ####.


You could see an eight-headed hydra.

Vanquished Creatures
  2 gargoyles
  A spiny frog (Lair:1)
  2 komodo dragons (Lair:1)
  A troll (D:9)
  Prince Ribbit (D:7)
  2 hippogriffs
  A wraith (D:9)
  A hungry ghost (D:8)
  4 porcupines (Lair:1)
  A black bear (D:9)
  A sky beast (D:7)
  4 ogres
  2 phantoms (D:4)
  3 centaurs
  4 bullfrogs
  A big kobold (D:9)
  A scorpion (D:6)
  5 killer bees (D:7)
  A howler monkey (D:6)
  2 crimson imps
  2 hounds
  An orc priest (D:6)
  3 jellies
  A bullfrog skeleton (D:8)
  2 centaur skeletons
  Jessica (D:3)
  3 iguanas
  2 orc wizards (D:6)
  6 worker ants
  A worker ant zombie (D:7)
  5 adders
  3 gnolls (D:5)
  A howler monkey skeleton (D:5)
  A shadow imp (D:5)
  2 oozes
  A dart slug (D:2)
  4 worms
  5 leopard geckos
  6 orcs
  8 bats
  7 giant cockroaches
  15 goblins
  3 hobgoblins
  17 jackals
  5 kobolds
  7 quokkas
  3 ball pythons
  A frilled lizard (D:1)
  2 rats
  2 fungi (D:3)
160 creatures vanquished.

Vanquished Creatures (others)
  2 fungi (Lair:1)
  2 plants (Lair:1)
4 creatures vanquished.

Grand Total: 164 creatures vanquished

Notes
Turn   | Place    | Note
-------+----------+-------------------------------------------
     0 | D:1      | Kagalorn the Minotaur Wanderer began the quest for the Orb.
     0 | D:1      | Kagalorn set off with the following items: a +2 hand axe, a
                  | +0 ring mail, a scroll of teleportation, a ration
     0 | D:1      | Reached XP level 1. HP: 19/19 MP: 0/0
   106 | D:1      | Reached skill level 3 in Axes
   119 | D:1      | Reached XP level 2. HP: 26/26 MP: 1/1
   765 | D:2      | Reached skill level 4 in Axes
   805 | D:2      | Reached XP level 3. HP: 12/31 MP: 2/2
  1230 | D:2      | Found an opulent altar of Gozag.
  1267 | D:2      | Reached skill level 5 in Axes
  1573 | D:2      | Reached XP level 4. HP: 39/39 MP: 3/3
  1674 | D:2      | Became a worshipper of Gozag Ym Sagoz the Greedy
  1860 | D:3      | Noticed Jessica
  1873 | D:3      | Killed Jessica
  1972 | D:3      | Reached skill level 6 in Axes
  2134 | D:3      | Found an ornate altar of the Wu Jian Council.
  2221 | D:3      | Found a blossoming altar of Fedhas.
  2288 | D:3      | Found a basalt altar of Yredelemnul.
  2611 | D:3      | Found a runed translucent door.
  2612 | D:3      | Noticed Crazy Yiuf
  2697 | D:4      | Noticed a phantom
  2772 | D:4      | Killed a phantom
  2772 | D:4      | Reached skill level 7 in Axes
  2772 | D:4      | Reached XP level 5. HP: 36/45 MP: 4/4
  3049 | D:4      | Found a faded altar of an unknown god.
  3049 | D:4      | Found an iron altar of Okawaru.
  3056 | D:4      | Found a radiant altar of Vehumet.
  3058 | D:4      | Found a bloodstained altar of Trog.
  3060 | D:4      | Found a sparkling altar of Nemelex Xobeh.
  3310 | D:4      | Noticed a phantom
  3339 | D:4      | Killed a phantom
  3339 | D:4      | Reached skill level 8 in Axes
  3339 | D:4      | Reached XP level 6. HP: 51/51 MP: 5/5
  3367 | D:5      | Entered Level 5 of the Dungeon
  3400 | D:5      | Found a staircase to the Ecumenical Temple.
  3415 | D:5      | Reached skill level 9 in Axes
  3441 | D:5      | Reached XP level 7. HP: 23/57 MP: 6/6
  3639 | Temple   | Entered the Ecumenical Temple
  3870 | D:5      | Got a jewelled rapier
  4096 | D:5      | Found a hazy altar of Hepliaklqana.
  4182 | D:5      | Reached skill level 10 in Axes
  4556 | D:5      | Reached skill level 11 in Axes
  4750 | D:6      | Identified the +9 rapier "Vaxukh Mayh" {venom, Str+6} (You
                  | found it on level 5 of the Dungeon)
  4789 | D:6      | Reached XP level 8. HP: 64/64 MP: 2/7
  4882 | D:6      | Found a sacrificial altar of Ru.
  5119 | D:6      | Reached skill level 12 in Axes
  5163 | D:6      | Noticed a hippogriff
  5188 | D:6      | Killed a hippogriff
  5686 | D:7      | Reached skill level 13 in Axes
  5723 | D:7      | Reached XP level 9. HP: 37/72 MP: 6/8
  5798 | D:7      | Noticed Prince Ribbit
  5818 | D:7      | Killed Prince Ribbit
  5818 | D:7      | Reached skill level 5 in Fighting
  5906 | D:7      | Noticed a gargoyle
  5917 | D:7      | Killed a gargoyle
  6155 | D:8      | Found a burning altar of Makhleb.
  6155 | D:8      | Noticed a balrug
  6180 | D:8      | Reached skill level 5 in Shields
  6498 | D:8      | Noticed an ogre mage
  6607 | D:8      | Noticed a two-headed ogre
  6624 | D:9      | Noticed a troll
  6635 | D:9      | Killed a troll
  6774 | D:9      | Noticed a gargoyle
  6790 | D:9      | Killed a gargoyle
  6790 | D:9      | Reached skill level 14 in Axes
  6853 | D:9      | Found a glowing silver altar of Zin.
  6916 | D:9      | Reached XP level 10. HP: 86/86 MP: 9/9
  6946 | D:9      | Found a staircase to the Lair.
  7350 | D:10     | Entered Level 10 of the Dungeon
  7385 | D:10     | Noticed Erolcha
  7456 | Lair:1   | Entered Level 1 of the Lair of Beasts
  7571 | Lair:1   | Noticed a spiny frog
  7726 | Lair:1   | Noticed an eight-headed hydra
  7735 | Lair:1   | Killed a spiny frog
  8068 | Lair:1   | HP: 3/90 [eight-headed hydra (9)]
  8068 | Lair:1   | HP: 1/90 [eight-headed hydra (2)]
  8068 | Lair:1   | Mangled by an eight-headed hydra

Levels and vault maps discovered:
D:1:      lemuel_arrival_room, layout_basic
D:2:      layout_rooms, old_standard_altar, chequers_arboretum
D:3:      layout_basic, lemuel_coloured_pillars_altar, old_standard_altar,
          first_ration, lemuel_tele_altar, uniq_crazy_yiuf_cottage, uniq_jessica
D:4:      layout_basic, chequers_temple_overflow_minitemple, minmay_mini_jars
D:5:      layout_loops_corners, lemuel_doored_altar, minmay_temple_entry_grid,
          minmay_ogre_servants
D:6:      layout_loops_ring, nicolae_ru_great_annihilating_truth
D:7:      cheibrodos_statue_roulette, layout_cave_pools, uniq_prince_ribbit1
D:8:      minmay_tri_box, layout_basic, makhleb_altar_promises_db,
          grunt_livestock, uniq_joseph
D:9:      layout_small_grid, old_standard_altar, lair_entry_dummy
D:10:     layout_basic, kennysheep_orc_monster_closet_entryway, uniq_erolcha
Temple:   minmay_temple_curvy_loop
Lair:1:   layout_roguey, serial_bayou_shore_b

Skill      XL: |  1  2  3  4  5  6  7  8  9 10 |
---------------+-------------------------------+-----
Axes           | 3 4 5 7 8 9 11 13 14 | 14.4
Fighting       | 4 7 8 |  8.4
Shields        | 3 6 7 |  7.8
Armour         | |  3.6

Action                   |  1- 3 |  4- 6 |  7- 9 | 10-12 || total
-------------------------+-------+-------+-------+-------++-------
Melee: Hand axe          |    93 |   138 |    76 |       ||   307
       Headbutt          |     7 |    18 |    51 |    13 ||    89
       Rapier            |       |       |    44 |     2 ||    46
       War axe           |       |       |   185 |    65 ||   250
Throw: Dart              |     6 |       |    20 |    10 ||    36
  Use: Scroll            |       |       |    15 |     1 ||    16
       Potion            |       |       |     2 |       ||     2
 Stab: Distracted        |       |     1 |     2 |     1 ||     4
       Paralysed         |       |       |     1 |       ||     1
  Eat: Chunk             |     2 |     1 |       |       ||     3
       Ration            |       |     1 |     5 |     1 ||     7
Armor: Ring mail         |     7 |       |       |       ||     7
       Chain mail        |    34 |    57 |    55 |       ||   146
       Skin              |       |       |    73 |       ||    73
       Plate armour      |       |       |    48 |    29 ||    77
Dodge: Dodged            |    39 |    40 |    71 |     7 ||   157
Block: Buckler           |     1 |    16 |    14 |       ||    31
       Kite shield       |       |       |    84 |    39 ||   123

Table legend:
 A = Non-vault XP
 B = Vault XP
 C = Vault XP percentage of total XP
 D = Non-vault monster count
 E = Vault monster count
 F = Vault count percentage of total count
                 A         B        C        D         E       F
            +---------+---------+-------+---------+---------+-------
      Total |    6423 |    1017 |  13.7 |     137 |      21 |  13.3
            +---------+---------+-------+---------+---------+-------
        D:1 |      23 |       0 |   0.0 |      12 |       0 |   0.0
        D:2 |      83 |       0 |   0.0 |      24 |       0 |   0.0
        D:3 |      32 |      37 |  53.6 |      11 |       1 |   8.3
        D:4 |     247 |      77 |  23.8 |       4 |       5 |  55.6
        D:5 |     718 |     132 |  15.5 |      20 |       9 |  31.0
        D:6 |     757 |      46 |   5.7 |      18 |       4 |  18.2
        D:7 |     668 |     725 |  52.0 |      11 |       2 |  15.4
        D:8 |     345 |       0 |   0.0 |       6 |       0 |   0.0
        D:9 |    1790 |       0 |   0.0 |      23 |       0 |   0.0
     Lair:1 |    1760 |       0 |   0.0 |       8 |       0 |   0.0
            +---------+---------+-------+---------+---------+-------
